 Dungeon Crawl Stone Soup version 0.17-a0-737-gf0a300a (webtiles) character file.

1017 Ngotmuk the Chopper (level 8, 0/75 HPs)
             Began as a Deep Dwarf Fighter on Apr 26, 2015.
             Was an Initiate of Ru.
             Succumbed to a wasp's poison
             ... while paralysed by a wasp
             ... on level 5 of the Dungeon.
             The game lasted 00:10:27 (4019 turns).

Ngotmuk the Chopper (Deep Dwarf Fighter)            Turns: 4019, Time: 00:10:28

Health: 0/75       AC:  8    Str: 23    XL:     8   Next: 2%
Magic:  8/8        EV:  2    Int:  8    God:    Ru [......]
Gold:   220        SH:  0    Dex: 12    Spells: 0 memorised, 7 levels left

rFire  . . .     SeeInvis .     o - +2 whip (vamp)
rCold  . . .     Clarity  .     b - +0 scale mail
rNeg   . . .     SustAb   .     c - +0 shield
rPois  .         Gourm    +     (no helmet)
rElec  .         Spirit   .     (no cloak)
rCorr  .         Warding  .     n - +0 pair of gloves
rMut   .         Stasis   .     (no boots)
MR     +....                    i - amulet of the gourmand
Stlth  ..........               (no ring)
                                (no ring)

@: paralysed, lethally poisoned (0 -> -9), non-regenerating, slowed, somewhat
resistant to hostile enchantments, extremely unstealthy
A: damage resistance, recharge devices, sense surroundings 1, slow healing 3
a: Device Recharging, Renounce Religion


You were on level 5 of the Dungeon.
You worshipped Ru.
Ru was noncommittal.
You were not hungry.

You visited 2 branches of the dungeon, and saw 6 of its levels.

You collected 220 gold pieces.

Inventory:

Hand weapons
 o - a +2 vampiric whip (weapon)
 q - a +0 hand axe of chopping
Armour
 b - a +0 scale mail (worn)
 c - a +0 shield (worn)
 n - a +0 pair of gloves (worn)
Jewellery
 i - an amulet of the gourmand (around neck)
 s - an uncursed amulet of resist mutation
 w - an uncursed ring of ice
Magical devices
 e - a wand of heal wounds (4)
Scrolls
 g - a scroll of fog {unknown}
 j - a scroll of amnesia
 r - a scroll of remove curse
 y - a scroll of teleportation {unknown}
Potions
 d - a potion of might
 f - a potion of heal wounds {unknown}
 h - a potion of flight {unknown}
 l - a potion of ambrosia {unknown}
 m - a potion of resistance {unknown}
 p - a potion of restore abilities {unknown}
 t - a potion of agility {unknown}
 u - a potion of cancellation {unknown}
 v - 2 potions of mutation {unknown}
Comestibles
 a - a bread ration
 k - a beef jerky


   Skills:
 * Level 5.4 Fighting
 * Level 6.3 Axes
 + Level 5.2 Armour
 + Level 5.3 Shields


You had 7 spell levels left.
You didn't know any spells.

Dungeon Overview and Level Annotations

Branches:
Dungeon (5/15)             Temple (1/1) D:4

Altars:
Ashenzari
Cheibriados
Elyvilon
Fedhas
Gozag
Kikubaaqudgha
Makhleb
Nemelex Xobeh
Qazlal
Ru
Sif Muna
Xom
Yredelemnul
Zin
The Shining One


Innate Abilities, Weirdness & Mutations

You are resistant to damage.
You can recharge devices by infusing magical energy.
You passively map a small area around you.
You do not heal naturally.


Message History

You feel very sick. You block the wasp's attack. x2
The goblin hits you but does no damage.
You barely miss the wasp.
The wasp is moderately wounded.
You feel very sick. The wasp stings you!
* * * LOW HITPOINT WARNING * * *
You are more poisoned.
You feel as though you will be slow longer.
The wasp barely misses you. The goblin hits you but does no damage.
You block the goblin's attack. The wasp stings you!
* * * LOW HITPOINT WARNING * * *
You suddenly lose the ability to move!
* * * LOW HITPOINT WARNING * * *
You feel sick. The wasp stings you!
* * * LOW HITPOINT WARNING * * *
You feel as though you will be slow longer.
The goblin barely misses you.
You die...

♣. ..♣ ,
..* ♣. *
♣.♣ * ♣.h♣♣
* ♣Og♣ ,
♣gy♣♣ ♣♣@.♣
, , ♣..♣
♣♣♣ , *
♣♣.♣♣ ♣.♣ *
♣..♣ ♣.♣♣♣
♣..♣♣♣...♣♣
♣♣..♣.....♣
, *
♣....♣.))♣
*
♣♣♣.♣♣♣♣)♣
* ♣♣♣ ♣(♣


You could see an ogre, a wasp, a hound, a hobgoblin and a goblin.

Vanquished Creatures
  The ghost of hornqvist the Cudgeler, an average OgGl of Gozag (D:3)
  An ogre (D:4)
  A giant frog (D:4)
  A centaur (D:5)
  A gnoll sergeant (D:3)
  A water moccasin skeleton (D:4)
  An orc priest (D:4)
  An iguana (D:5)
  5 orc wizards (D:4)
  3 worker ants
  7 adders
  8 gnolls (D:3)
  An ooze (D:4)
  18 orcs
  7 bats
  7 giant cockroaches
  18 goblins
  15 hobgoblins
  4 jackals (D:3)
  6 kobolds
  A quokka (D:2)
  6 giant geckos
  8 giant newts
  12 rats
134 creatures vanquished.

Notes
Turn   | Place    | Note
--------------------------------------------------------------
     0 | D:1      | Ngotmuk, the Deep Dwarf Fighter, began the quest for the Orb.
     0 | D:1      | Reached XP level 1. HP: 20/20 MP: 1/1
   249 | D:1      | Reached XP level 2. HP: 27/27 MP: 2/2
   925 | D:2      | Reached XP level 3. HP: 29/34 MP: 3/3
  1774 | D:3      | Reached XP level 4. HP: 32/42 MP: 4/4
  1829 | D:3      | Noticed hornqvist's ghost (average OgGl)
  1888 | D:3      | Found a burning altar of Makhleb.
  1908 | D:3      | Reached skill level 4 in Armour
  1972 | D:3      | Found a glowing silver altar of Zin.
  2024 | D:3      | Killed hornqvist's ghost
  2024 | D:3      | Reached XP level 5. HP: 25/50 MP: 5/5
  2024 | D:3      | Reached XP level 6. HP: 28/57 MP: 6/6
  2183 | D:3      | Noticed a gnoll sergeant
  2227 | D:3      | Killed a gnoll sergeant
  2701 | D:4      | Found a staircase to the Ecumenical Temple.
  2727 | Temple   | Entered the Ecumenical Temple
  2867 | D:4      | Reached skill level 5 in Axes
  2972 | D:4      | Reached XP level 7. HP: 62/66 MP: 7/7
  3049 | D:4      | Found a sacrificial altar of Ru.
  3059 | D:4      | Became a worshipper of Ru the Awakened
  3394 | D:4      | Reached skill level 5 in Fighting
  3418 | D:4      | Reached skill level 5 in Shields
  3436 | D:4      | Reached skill level 5 in Armour
  3610 | D:4      | Reached skill level 6 in Axes
  3779 | D:5      | Entered Level 5 of the Dungeon
  3984 | D:5      | Reached XP level 8. HP: 13/75 MP: 8/8
  4011 | D:5      | Paralysed by a wasp for 3 turns
  4017 | D:5      | Paralysed by a wasp for 3 turns
  4018 | D:5      | HP: 3/75 [wasp (4)]
  4019 | D:5      | Succumbed to a wasp's poison

Action                   |  1- 3 |  4- 6 |  7- 9 || total
-------------------------+-------+-------+-------++-------
Melee: War axe           |   146 |    36 |       ||   182
       Whip              |       |   224 |   293 ||   517
Evoke: Wand              |       |     5 |     2 ||     7
  Use: Scroll            |       |       |     4 ||     4
  Eat: Bread ration      |     1 |     1 |       ||     2
       Meat ration       |       |     1 |       ||     1
       Fruit             |       |       |     1 ||     1
       Pizza             |       |       |     1 ||     1
